 Dungeon Crawl Stone Soup version 0.23-a0-643-g9ccc95a (webtiles) character file.

235 Amnesiac the Ducker (level 5, 0/28 HPs)
             Began as a Spriggan Berserker on Jan 1, 2019.
             Was a Priest of Trog.
             Slain by a worm (12 damage)
             ... on level 3 of the Dungeon.
             The game lasted 00:06:17 (3089 turns).

Amnesiac the Ducker (Spriggan Berserker)            Turns: 3089, Time: 00:06:18

Health: 0/28       AC:  2    Str: 14    XL:     5   Next: 76%
Magic:  6/6        EV: 21    Int:  9    God:    Trog [***...]
Gold:   133        SH:  0    Dex: 15    Spells: 4/4 levels left

rFire    . . .     SeeInvis +   a - +0 falchion
rCold    . . .     Gourm    .   (shield restricted)
rNeg     . . .     Faith    .   b - +0 animal skin
rPois    .         Spirit   .   (helmet restricted)
rElec    .         Reflect  .   (no cloak)
rCorr    .         Harm     .   (gloves unavailable)
MR       .....                  (boots unavailable)
Stlth    +.........             (no amulet)
HPRegen  0.09/turn              (no ring)
MPRegen  0.10/turn              (no ring)

@: very quick
A: very small, unfitting armour, see invisible, herbivore, speed 3, slow
metabolism 2
a: Berserk, Trog's Hand, Renounce Religion


You were on level 3 of the Dungeon.
You worshipped Trog.
Trog was most pleased with you.
You were not hungry.

You visited 1 branch of the dungeon, and saw 3 of its levels.

You collected 133 gold pieces.

Inventory:

Hand Weapons
 a - a +0 falchion (weapon)
Armour
 b - a +0 animal skin (worn)
Jewellery
 h - a +3 ring of evasion {unknown}
 m - a +4 ring of slaying {unknown}
Wands
 k - a wand of paralysis (7)
Scrolls
 d - a scroll of amnesia {!r, unknown}
 e - a scroll of remove curse {!r, unknown}
 f - a scroll of teleportation {!r, unknown}
 g - a scroll of enchant armour {!r, unknown}
 i - 2 scrolls of magic mapping {!r, unknown}
 j - a scroll of enchant weapon {!r, unknown}
 l - a scroll of immolation {!r, unknown}
Potions
 n - a potion of cancellation {!q, unknown}
 o - a potion of brilliance {!q, unknown}
Comestibles
 c - 6 rations


   Skills:
 - Level 3.1 Fighting
 * Level 4.3 Long Blades
 + Level 6.2 Dodging


You had 4 spell levels left.
You didn't know any spells.
Your spell library was empty.

Dungeon Overview and Level Annotations

Branches:
Dungeon (3/15)

Altars:


Innate Abilities, Weirdness & Mutations

You are very small and have problems with some larger weapons.
You are too small for most types of armour.
You have supernaturally acute eyesight. (SInv)
You are a herbivore.
You cover ground extremely quickly.
You need to consume almost no food.


Message History

You hit the giant cockroach.
The giant cockroach is heavily wounded.
You hit the giant cockroach but do no damage.
The giant cockroach is heavily wounded.
The giant cockroach completely misses you.
You riposte.
You barely miss the giant cockroach.
The giant cockroach is heavily wounded.
You barely miss the giant cockroach.
The giant cockroach is heavily wounded.
The giant cockroach misses you.
You hit the giant cockroach.
The giant cockroach is almost dead.
The giant cockroach misses you.
You riposte.
You slash the giant cockroach!
You kill the giant cockroach!
Trog accepts your kill.
No target in view!
No target in view!
No target in view!
No target in view!
No target in view!
No target in view!
No target in view!
No target in view!
No target in view!
You see here a giant cockroach corpse.
You see here a trident.
You open the door.
Found a short sword.
Found a stone staircase leading down.
There is an open door here.
c - 6 rations (gained 1)
You open the door.
There is an open door here.
You now have 133 gold pieces (gained 1).
A worm comes into view.
The worm bites you.
You hit the worm.
The worm is lightly wounded.
You hit the worm.
The worm is moderately wounded.
The worm bites you.
You barely miss the worm.
The worm is moderately wounded.
The worm bites you.
You slash the worm!
The worm is severely wounded.
You hit the worm.
The worm is almost dead.
The worm bites you!
* * * LOW HITPOINT WARNING * * *
You completely miss the worm.
The worm is severely wounded.
The worm bites you.
* * * LOW HITPOINT WARNING * * *
You hit the worm but do no damage.
The worm is severely wounded.
You hit the worm.
The worm is almost dead.
The worm barely misses you.
You barely miss the worm.
The worm is almost dead.
You hit the worm but do no damage.
The worm is almost dead.
The worm bites you!
You die...

#### ..# ### #.#
##.######
#####.#######.#......
#...........#..######
#.###.#####....##
###.#####.....#
#.@.....##...##
......w..###.###.##
####.#.### #.# # ..
#.# ##. ##'## #.
##...## ### #.
.#.....###.. #.
.......)..##.#
##......>..#.#


You could see a worm.

Vanquished Creatures
  A centaur (D:2)
  Jessica (D:2)
  A gnoll (D:2)
  5 adders
  3 worms
  4 dart slugs
  A leopard gecko (D:3)
  An orc (D:3)
  8 bats
  4 giant cockroaches
  7 goblins
  9 hobgoblins
  8 kobolds
  2 frilled lizards
  9 rats
64 creatures vanquished.

Notes
Turn   | Place    | Note
-------+----------+-------------------------------------------
     0 | D:1      | Amnesiac the Spriggan Berserker began the quest for the
                  | Orb.
     0 | D:1      | Reached XP level 1. HP: 11/11 MP: 2/2
   146 | D:1      | Reached XP level 2. HP: 3/16 MP: 3/3
   709 | D:1      | Reached ** piety under Trog
   764 | D:1      | Reached XP level 3. HP: 15/19 MP: 4/4
   925 | D:2      | Reached skill level 5 in Dodging
   970 | D:2      | Noticed a centaur
   987 | D:2      | Killed a centaur
   987 | D:2      | Reached XP level 4. HP: 4/24 MP: 5/5
  1570 | D:2      | Reached XP level 5. HP: 20/28 MP: 6/6
  1986 | D:2      | Noticed Jessica
  1992 | D:2      | Killed Jessica
  2182 | D:2      | Reached skill level 6 in Dodging
  2983 | D:3      | Reached *** piety under Trog
  3089 | D:3      | Slain by a worm

Vault maps used:
D:1:      dpeg_arrival_lava_altar
D:2:      minmay_chambers_of_twos, kennysheep_generic_room_8, uniq_jessica

Skill      XL: |  1  2  3  4  5 |
---------------+----------------+-----
Long Blades    | 3 4 |  4.3
Dodging        | 5 6 |  6.2
Fighting       | 3 |  3.1

Action                   |  1- 3 |  4- 6 || total
-------------------------+-------+-------++-------
Melee: Falchion          |    98 |   127 ||   225
  Use: Potion            |     2 |       ||     2
Armor: Animal skin       |    12 |     5 ||    17
Dodge: Dodged            |   116 |   120 ||   236
       Rpst.: Falchion   |    34 |    44 ||    78

Table legend:
 A = Non-vault XP
 B = Vault XP
 C = Vault XP percentage of total XP
 D = Non-vault monster count
 E = Vault monster count
 F = Vault count percentage of total count
                 A         B        C        D         E       F
            +---------+---------+-------+---------+---------+-------
      Total |     270 |      66 |  19.6 |      55 |       9 |  14.1
            +---------+---------+-------+---------+---------+-------
        D:1 |      43 |       0 |   0.0 |      23 |       0 |   0.0
        D:2 |     182 |      66 |  26.6 |      16 |       9 |  36.0
        D:3 |      45 |       0 |   0.0 |      16 |       0 |   0.0
            +---------+---------+-------+---------+---------+-------
